woodfighter, neutral female human Wizard ---- ---- |..| ---- --..| ---- |..--- --- |..| --...| --..-- ----...---.-- |..| --...-| |....| --.--........-- |.----- --.....------------------ ---....| |..^..........-- --.|--.---- --........[..............|---|...|.-- |......---.....| --..||.....| |.......----------------.|.|.|.----- --....--- |.....| |...-|-....--- |.......-- --@| |.......| |.....| --...-- |....|...|...| --.......---a.# |.....--- |-..--- |..-- |....|.-----.-------............| --.....| |...| ---- |.-.-|.| |...||...........-#--- ---...----------.------- |..>||.| ---.--..*...%...%| ---- -)-- |....................| ---.--.| |..........^...#---..|-- ##..----......%.--.-------.---------- |....| |-..........--<^.....|.----...|.|...........|--- |...|..--..| ---..| |^....----..|----.|.....|..................--..------.|......| |..| |.....| ---- ----....|........................-- |........-- ---- ---.--- ---.----.......-----...........| |.........| --- --- |....---- |...........| --.....--.| ---.-- ---..|.--.--- ----.----- --- --------- --- woodfighter the Thaumaturge Experience level: 7 Strength: 10 Dexterity: 14 Constitution: 10 Intelligence: 14 Wisdom: 19 Charisma: 8 Health: 0(53) Energy: 93(97) Def: 2 Gold: 0 Moves: 3917 Dungeon seed: z-Q5bO_IiD0Ng2sQ Game ID: woodfighter_1448148285 Your Inventory: Weapons a - a blessed +1 quarterstaff (weapon in hands) Armor e - a blessed +0 cloak of magic resistance (being worn) n - an uncursed +0 dwarvish cloak y - an uncursed +0 dwarvish cloak z - an uncursed +0 dwarvish cloak E - a cursed -2 helm of opposite alignment Q - an uncursed +0 orcish helm (being worn) Y - an uncursed +0 dwarvish cloak Comestibles b - an uncursed orange q - an uncursed lizard corpse s - an uncursed tin of goblin meat A - 2 uncursed food rations Scrolls x - an uncursed scroll of gold detection G - an uncursed scroll of charging Rings g - an uncursed ring of regeneration D - a cursed ring of aggravate monster I - an uncursed ring of protection from shape changers Wands i - a wand of fire (0:3) l - a wand of make invisible (0:2) t - a wand of light (0:13) Tools c - an uncursed skeleton key p - a magic marker (0:81) B - 5 uncursed wax candles (0:400) H - an uncursed wooden flute M - a +0 pick-axe V - a magic marker (0:96) Gems r - an uncursed flint stone F - an uncursed worthless piece of yellow glass N - 2 uncursed jade stones Spells and supernatural/magical abilities: Name Level Category Fail Memory a - force bolt 1 attack 8% 81% I - identify 3 divination 100% 81% W - pray for help -- divine ? -- Your skills at the end: Miscellaneous Skills wands [Basic] Weapon Skills quarterstaff [Basic] Spellcasting Skills attack spells [Basic] enchantment spells [Basic] Final Attributes: You were devoutly aligned. You were magic-protected. You were confused. You are dead. Vanquished creatures: a giant mimic a large mimic an ettin zombie a wolf a leprechaun a lizard a giant spider a jaguar a dwarf lord a plains centaur a rock mole a rock piercer a fog cloud 12 gnome lords a gray ooze a straw golem 5 giant ants 3 kittens 12 dwarves 2 homunculi a kobold shaman an iguana 2 centipedes a monkey 2 orc zombies 2 hobbits a gecko 41 gnomes 6 jackals 3 foxes 4 newts 2 goblins 3 sewer rats 6 grid bugs a lichen a kobold zombie 126 creatures vanquished. Voluntary challenges: You used a wielded weapon 105 times, starting on turn 3. You did not apply a unicorn horn. You read items or engraved 5 times, starting on turn 2875. You never genocided any monsters. You never polymorphed an object. You never changed form. You used no wishes. You never split a pudding. You never wrote Elbereth's name. You never violated your personal moral code. Dungeon overview: The Dungeons of Doom: levels 1 to 3 Level 1 an altar to Ptah a long staircase Level 2 stairs to The Gnomish Mines Level 3 The Gnomish Mines: levels 3 to 8 Level 3 stairs to The Dungeons of Doom Level 4 Level 5 Level 6 many shops, a temple to Thoth, a magic chest, some fountains, some trees Level 7 <- You were here Level 8 History has recorded: On T:1 you entered the Dungeons of Doom to retrieve the Amulet of Yendor! On T:58 you reached level 2 of The Dungeons of Doom. On T:729 you reached level 3 of The Dungeons of Doom. On T:913 you reached level 1 of The Gnomish Mines. On T:965 you advanced to experience level 2. On T:1005 you reached level 2 of The Gnomish Mines. On T:1025 you advanced to experience level 3. On T:1050 you advanced to experience level 4. On T:1385 you advanced to experience level 5. On T:1664 you reached level 3 of The Gnomish Mines. On T:1924 you advanced to experience level 6. On T:2244 you reached level 4 of The Gnomish Mines. On T:2766 you advanced to experience level 7. On T:2833 you entered the Minetown temple On T:2878 you opened a magic chest. On T:2879 you opened a magic chest. On T:2885 you opened a magic chest. On T:3150 you reached level 5 of The Gnomish Mines. On T:3280 you opened a magic chest. On T:3466 you reached level 6 of The Gnomish Mines. Score breakdown: Gold: 0 ( 0 points) Experience: 7 levels ( 600 points) Exploration: 8 levels ( 210 points) Discoveries: 8 items ( 400 points) Variety of kills: 36 monsters ( 1800 points) Major goal: reached Minetown ( 500 points) Survival: died (score multiplied by 3) Total score: 10530 Latest messages: 2 green gems land on the altar. You hear water falling on coins. You put a cursed murky potion into the magic chest. Your movements are now unencumbered. Your movements are slowed slightly because of your load. You put an uncursed emerald potion into the magic chest. You put an uncursed milky potion into the magic chest. You put an uncursed magenta potion into the magic chest. You put a wand of nothing (0:8) into the magic chest. You put an uncursed black gem into the magic chest. You put an uncursed yellowish brown gem into the magic chest. You put 2 uncursed black gems into the magic chest. You put 2 uncursed violet gems into the magic chest. You put 3 uncursed orange gems into the magic chest. You put an uncursed yellowish brown gem into the magic chest. You put an uncursed yellow gem into the magic chest. You put an uncursed green gem into the magic chest. Your movements are now unencumbered. Your movements are now unencumbered. You sold 8 tallow candles for 40 gold pieces. You fail to cast the spell correctly. The soldier ant bites! The soldier ant stings! You die... Final status: Goodbye woodfighter the Wizard, killed by a soldier ant... You died in The Gnomish Mines on dungeon level 7 with 10530 points, and 0 pieces of gold, after 3917 moves. You were level 7 with a maximum of 53 hit points when you died.